 Dungeon Crawl Stone Soup version 0.32-a0-900-g30fb1b0edc (webtiles) character file.

Game seed: 3274663735344427018

68357 Autsider the Geomancer (level 15, -3/92 HPs)
             Began as a Gargoyle Earth Elementalist on Apr 5, 2024.
             Was a High Priest of Vehumet.
             Slain by an orc knight
             ... wielding a +0 great sword
              (39 damage)
             ... on level 2 of the Orcish Mines.
             The game lasted 01:38:40 (22893 turns).

Autsider the Geomancer (GrEE)                      Turns: 22893, Time: 01:38:41

Health: -3/92      AC: 19    Str: 18    XL:     15   Next: 26%
Magic:  20/35      EV: 13    Int: 33    God:    Vehumet [*****.]
Gold:   2045       SH:  6    Dex: 16    Spells: 4/34 levels left

rFire   + + .        q - +6 Majin-Bo {spellvamp, MP+6 Int+6}
rCold   + . .        f - +1 buckler of the Fife {Rampage Int+4}
rNeg    + . .        A - +1 robe of Gecly {^Contam +Blink rF++ rC+}
rPois   ∞            (no helmet)
rElec   +            r - +0 cloak
rCorr   .            u - +0 pair of gloves
SInv    .            p - +1 pair of boots
Will    +....        P - amulet of magic regeneration
Stlth   +++          k - +6 ring of strength
HPRegen 0.35/turn    o - +6 ring of dexterity
MPRegen 0.64/turn

%: rampage
@: flying
A: sickness immunity, AC +11, big wings, negative energy resistance 1,
electricity resistance, torment resistance 1, petrification resistance
a: Renounce Religion, Evoke Blink


You were on level 2 of the Orcish Mines.
You worshipped Vehumet.
Vehumet was extremely pleased with you.
You visited 4 branches of the dungeon, and saw 20 of its levels.
You visited the Abyss 1 time.
You also visited: Ossuary and Gauntlet.

You collected 2450 gold pieces.
You spent 405 gold pieces at shops.

Inventory:

Hand Weapons
 q - the +6 Majin-Bo (weapon) {spellvamp, MP+6 Int+6}
   (You found it in a Gauntlet)

   Int+6:     It affects your intelligence (+6).
   MP+6:      It affects your magic capacity (+6).
 X - a +0 demon whip of venom
Armour
 a - a +2 ring mail of positive energy
 f - the +1 buckler of the Fife (worn) {Rampage Int+4}
   (You bought it in a shop on level 12 of the Dungeon)

   Int+4:     It affects your intelligence (+4).
   Rampage:   It bestows one free step when moving towards enemies.
 p - a +1 pair of boots (worn)
 r - a +0 cloak (worn)
 u - a +0 pair of gloves (worn)
 A - the +1 robe of Gecly (worn) {^Contam +Blink rF++ rC+}
   (You took it off a gnoll on level 5 of the Dungeon)

   rF++:      It greatly protects you from fire.
   rC+:       It protects you from cold.
   +Blink:    It lets you blink.
   ^Contam:   It causes magical contamination when unequipped.
 G - an orb of energy
 M - a scarf of repulsion
Jewellery
 h - the brooch of Shielding {Spirit SH+8}
   (You found it in a Gauntlet)

   [amulet of guardian spirit]

   Spirit:    It causes incoming damage to be divided between your reserves of
   health and magic.
   SH+8:      It affects your SH (+8).
 k - a +6 ring of strength (left hand)
 o - a +6 ring of dexterity (right hand)
 H - an amulet of reflection
 P - an amulet of magic regeneration (around neck)
Wands
 v - a wand of flame (31)
 y - a wand of polymorph (8)
 C - a wand of mindburst (6)
 E - a wand of warping (17)
 J - a wand of digging (9)
 Y - a wand of paralysis (12)
Scrolls
 c - 3 scrolls of butterflies
 d - 4 scrolls of immolation
 l - 5 scrolls of fog
 w - a scroll of vulnerability
 D - 3 scrolls of brand weapon
 F - a scroll of enchant armour
 K - 3 scrolls of revelation
 O - a scroll of teleportation {@r2}
 R - 2 scrolls of poison
 U - a scroll of silence
 V - 3 scrolls of enchant weapon
 Z - a scroll of fear
Potions
 b - 2 potions of magic
 e - 3 potions of resistance
 g - a potion of ambrosia
 i - 3 potions of haste
 j - 5 potions of heal wounds {@q2}
 m - 5 potions of enlightenment
 n - 4 potions of invisibility
 s - 3 potions of cancellation
 t - a potion of might
 z - 2 potions of berserk rage
 B - 9 potions of curing {@q1}
 S - 4 potions of attraction
 T - a potion of lignification {unknown}
 W - a potion of experience {unknown}


   Skills:
 - Level 10.0 Fighting
 - Level 1.1 Maces & Flails
 - Level 6.0 Armour
 - Level 6.0 Dodging
 + Level 5.8 Stealth
 - Level 6.0 Shields
 - Level 10.0 Spellcasting
 - Level 10.0 Conjurations
 + Level 3.9 Summonings
 - Level 4.0 Translocations
 - Level 12.0 Fire Magic
 - Level 13.5 Earth Magic
 - Level 4.0 Alchemy


You had 4 spell levels left.
You knew the following spells:

 Your Spells              Type           Power      Damage    Failure   Level
a - Sandblast             Erth           100%       2d20      0%          1
b - Stone Arrow           Conj/Erth      100%       3d13      1%          3
c - Bombard               Conj/Erth      38%        9d7       1%          6
d - Lee's Rapid Deconstr  Erth           41%        3d20*     1%          5
e - Petrify               Alch/Erth      65%        N/A       1%          4
f - Starburst             Conj/Fire      36%        6d11      1%          6
w - Mephitic Cloud        Conj/Alch/Air  47%        N/A       1%          3
z - Blink                 Tloc           84%        N/A       1%          2

Your spell library contained the following spells:

 Spells                   Type           Power      Damage    Failure   Level
 Call Imp                 Summ           84%        N/A       1%          2
 Lesser Beckoning         Tloc           84%        N/A       1%          2
 Momentum Strike          Conj/Tloc      100%       3d10      1%          2
 Dazzling Flash           Conj/Hex       98%        N/A       1%          3
 Passwall                 Erth           82%        N/A       1%          3
 Volatile Blastmotes      Fire/Tloc      100%       2d18      1%          3
 Brom's Barrelling Bould  Conj/Erth      76%        2d9       1%          4
 Fulminant Prism          Conj/Alch      29%        3d13      1%          4
 Iskenderun's Mystic Bla  Conj/Tloc      58%        2d12      (+2d61%     4
 Summon Blazeheart Golem  Fire/Summ      62%        N/A       1%          4
 Summon Ice Beast         Ice/Summ       29%        N/A       4%          3
 Passage of Golubria      Tloc           42%        N/A       7%          4
 Tukima's Dance           Hex            16%        N/A       11%         3
 Vhi's Electric Charge    Tloc/Air       58%        N/A       16%         4
 Cause Fear               Hex            8%         N/A       34%         4
 Fireball                 Conj/Fire      36%        3d15      1%          5
 Arcjolt                  Conj/Air       24%        1d34      3%          5
 Yara's Violent Unravell  Hex/Alch       14%        3d7       11%         5
 Plasma Beam              Fire/Air       27%        2x1d39    12%         6
 Orb of Destruction       Conj           35%        9d10      13%         7
 Conjure Ball Lightning   Conj/Air       24%        3x3d7     17%         6
 Spellforged Servitor     Conj/Summ      29%        N/A       38%         7
 Summon Mana Viper        Hex/Summ       29%        N/A       41%         5
 Curse of Agony           Necr           16%        N/A       67%         5
 Silence                  Hex/Air        8%         N/A       67%         5
 Monstrous Menagerie      Summ           21%        N/A       99%         7
 Summon Hydra             Summ           21%        N/A       99%         7
 Discord                  Hex            8%         N/A       100%        8
 Disjunction              Tloc           21%        N/A       100%        8
 Dragon's Call            Summ           21%        N/A       100%        9
 Sublimation of Blood     Necr           Unusable   N/A       N/A         2

Dungeon Overview and Level Annotations

Branches:
Dungeon (12/15)            Temple (1/1) D:5            Lair (5/5) D:8
  Swamp (0/4) Lair:2       Spider (0/4) Lair:3        Slime (0/5) Lair:5
    Orc (2/2) D:10            Elf (0/3) Orc:2       Ossuary (visited)
Gauntlet (visited)

Altars:
Ashenzari
Cheibriados
Dithmenos
Elyvilon
Fedhas
Gozag
Hepliaklqana
Kikubaaqudgha
Makhleb
Nemelex Xobeh
Okawaru
Qazlal
Ru
Sif Muna
Trog
Uskayaw
Vehumet
Wu Jian
Xom
Yredelemnul
Zin
The Shining One
Jiyva

Shops:
D:3 :   D:12 [:*   Orc:1 ((=   Orc:2 =

Annotations:
D:5 exclusion: downstairs
D:6 exclusion: downstairs
D:11 exclusion: 2 downstairs


Innate Abilities, Weirdness & Mutations

You are immune to sickness and miasma.
Your stone body is resilient. (AC +11)
You are immune to poison.
Your large and strong wings let you fly.
You resist negative energy. (rN+)
You are resistant to electric shocks. (rElec)
You are resistant to unholy torment.
You are immune to petrification.


Message History

Aim: an orc knight, wielding a +0 great sword and wearing a +0 plate armour (strong, confused, 95% to hit)
The blast of sand hits the orc knight!!
You feel better.
The orc knight is moderately wounded.
Casting: Sandblast (safe; 0% risk of failure)
Confirm with . or Enter, or press ? or * to list all spells.
Aiming: Sandblast (safe; 0% risk of failure)
Press: ? - help, Shift-Dir - straight line, f/p - orc knight
Aim: an orc knight, wielding a +0 great sword and wearing a +0 plate armour (moderately wounded, strong, confused, 95% to hit)
The blast of sand hits the orc knight!
You feel better.
The orc knight is heavily wounded.
The orc knight hits you with a +0 great sword!
The orc knight hits itself with a +0 great sword!!
Casting: Sandblast (safe; 0% risk of failure)
Confirm with . or Enter, or press ? or * to list all spells.
Aiming: Sandblast (safe; 0% risk of failure)
Press: ? - help, Shift-Dir - straight line, f/p - orc knight
Aim: an orc knight, wielding a +0 great sword and wearing a +0 plate armour (almost dead, strong, confused, 95% to hit)
The blast of sand hits the orc knight but does no damage.
The orc knight is almost dead.
The orc knight hits you with a +0 great sword!
Casting: Sandblast (safe; 0% risk of failure)
Confirm with . or Enter, or press ? or * to list all spells.
Aiming: Sandblast (safe; 0% risk of failure)
Press: ? - help, Shift-Dir - straight line, f/p - orc knight
Aim: an orc knight, wielding a +0 great sword and wearing a +0 plate armour (almost dead, strong, confused, 95% to hit)
The blast of sand misses the orc knight.
The orc knight seems less confused.
The orc knight hits you with a +0 great sword.
The orc knight hits you with a +0 great sword!!
* * * LOW HITPOINT WARNING * * *
Casting: Sandblast (safe; 0% risk of failure)
Confirm with . or Enter, or press ? or * to list all spells.
Aiming: Sandblast (safe; 0% risk of failure)
Press: ? - help, Shift-Dir - straight line, f/p - orc knight
Aim: an orc knight, wielding a +0 great sword and wearing a +0 plate armour (almost dead, strong, 85% to hit)
The blast of sand hits the orc knight!
You feel better.
The orc knight is almost dead.
* * * LOW HITPOINT WARNING * * *
The orc knight hits you with a +0 great sword!!!
You die...

.o..# ##......##...............
#...# #...........#............
...# ##.......#.###......##.##
#..# #.........#.#.......#.##.
..# ##.#...)...#.#........###.
#######............<.............
).....#...#........<.............
).....#.#####...).......#........
$........# ##.o@......###.......
.)...o..## ##...........##.......
....oo)#####............##.......
....#...#.#.°....###.....#.).....
.####.......)...## #.............
.. #............# #........##..
.....#...........## .....#######
........#.........# .... #.
..^..#.#####...)..#.#.... ...


You could see an orc knight (strong).

Vanquished Creatures
  A minotaur (Gauntlet)
  Josephine (Orc:1)
  A fire dragon (Lair:5)
  A boulder beetle (Lair:1)
  A catoblepas (Lair:4)
  3 two-headed ogres
  A death scarab (Gauntlet)
  Urug (Lair:5)
  An orc high priest (Orc:2)
  Nergalle (Orc:1)
  Sonja (Orc:1)
  Amaemon (D:11)
  A skyshark (Lair:4)
  An arcanist (Gauntlet)
  An orb spider (Lair:3)
  2 lindwurms (Lair:5)
  Pikel (D:7)
  2 orc knights (Orc:2)
  An obsidian bat (Orc:1)
  A spectral hydra (Gauntlet)
  A deep elf pyromancer (D:12)
  A necromancer (D:9)
  3 ugly things (D:12)
  A wolf spider (Lair:5)
  A manticore (D:7)
  2 cyclopes
  3 elephants (Lair:3)
  3 kobold blastminers
  8 black mambas
  An ice statue (Gauntlet)
  An orange demon (D:11)
  A guardian serpent (Lair:5)
  8 torpor snails
  18 cane toads
  3 gargoyles
  Maggie (D:6)
  Jeremiah (D:7)
  A kobold demonologist (D:11)
  7 rime drakes
  2 unseen horrors
  14 komodo dragons
  13 hornets
  3 polar bears
  A queen bee (Gauntlet)
  3 tyrant leeches (Lair:5)
  8 trolls
  6 dream sheep
  4 blink frogs (Lair:3)
  A shadow (D:10)
  6 slime creatures (D:12)
  Sigmund (D:3)
  12 wyverns
  4 basilisks
  A vampire (D:12)
  40 yaks
  Eustachio (D:4)
  3 steam dragons
  8 wraiths
  2 redbacks (Lair:5)
  Menkaure (D:4)
  An acid dragon (D:7)
  Duvessa (D:6)
  22 water moccasins
  16 orc warriors
  2 ice beasts
  A sky beast (D:6)
  2 ogres
  26 wolves
  3 centaurs
  6 kobold brigands
  14 bullfrogs
  2 gnoll sergeants
  5 scorpions
  12 wights
  2 burial acolytes (Ossuary)
  Dowan (D:6)
  11 killer bees
  2 vampire bats (D:9)
  5 electric eels (D:8)
  2 howler monkeys
  4 jellies
  21 orc priests
  5 hounds
  2 bombardier beetles (D:5)
  3 gnoll boudas
  Crazy Yiuf (D:4)
  An iron imp (D:5)
  3 sleepcaps
  6 iguanas
  14 orc wizards
  3 polar bear simulacra (D:9)
  4 yak simulacra (D:9)
  3 wolf simulacra (D:9)
  5 mummies (Ossuary)
  14 gnolls
  8 adders
  A river rat (D:9)
  3 shadow imps
  A dart slug (D:3)
  4 ribbon worms
  49 orcs
  8 ball pythons
  3 bat skeletons (D:9)
  2 bat zombies (D:9)
  4 endoplasms (D:1)
  2 giant cockroaches
  8 hobgoblins
  9 jackals
  2 quokkas
  4 bats
  4 frilled lizards
  8 goblins
  19 kobolds
  5 kobold zombies (Ossuary)
  3 orc zombies (Ossuary)
  5 rats
  A river rat simulacrum (D:9)
601 creatures vanquished.

Vanquished Creatures (others)
  An orc warrior (Orc:2)
1 creature vanquished.

Grand Total: 602 creatures vanquished

Notes
Turn   | Place    | Note
-------+----------+-------------------------------------------
     0 | D:1      | Autsider the Gargoyle Earth Elementalist began the quest
                  | for the Orb.
     0 | D:1      | Reached XP level 1. HP: 10/10 MP: 3/3
    69 | D:1      | You fall into a shaft and drop 1 floor!
   110 | D:2      | Reached XP level 2. HP: 14/16 MP: 0/5
   328 | D:1      | Reached skill level 4 in Earth Magic
   586 | D:1      | Reached skill level 1 in Fighting
   589 | D:1      | Reached XP level 3. HP: 20/20 MP: 2/6
  1133 | D:2      | Reached XP level 4. HP: 25/25 MP: 3/7
  1317 | D:2      | Found an iron altar of Okawaru.
  1925 | D:3      | Found a glowing silver altar of Zin.
  2099 | D:3      | Found Huugics's Vocational Training.
  2270 | D:3      | Reached skill level 5 in Earth Magic
  2270 | D:3      | Reached XP level 5. HP: 16/30 MP: 1/9
  2340 | D:3      | Noticed Sigmund
  2346 | D:3      | Learned a level 3 spell: Stone Arrow
  2454 | D:3      | Killed Sigmund
  2455 | D:3      | Reached XP level 6. HP: 30/36 MP: 5/10
  2835 | D:4      | Reached skill level 6 in Earth Magic
  2994 | D:4      | Reached XP level 7. HP: 29/41 MP: 7/12
  3052 | D:4      | Noticed Eustachio
  3101 | D:4      | Killed Eustachio
  3102 | D:4      | Reached skill level 7 in Earth Magic
  3254 | D:4      | Found a sand-covered staircase.
  3264 | Ossuary  | Entered an ossuary
  3587 | D:4      | Reached XP level 8. HP: 48/48 MP: 9/14
  3764 | D:4      | Noticed Menkaure
  3778 | D:4      | Killed Menkaure
  3779 | D:4      | Reached skill level 8 in Earth Magic
  4164 | D:4      | Found a runed translucent door.
  4165 | D:4      | Noticed Crazy Yiuf
  4237 | D:4      | Killed Crazy Yiuf
  4238 | D:4      | Reached skill level 1 in Armour
  4315 | D:5      | Entered Level 5 of the Dungeon
  4801 | D:5      | Found a stormy altar of Qazlal.
  4912 | D:5      | Found a staircase to the Ecumenical Temple.
  4918 | Temple   | Entered the Ecumenical Temple
  4950 | Temple   | Became a worshipper of Vehumet
  4992 | D:5      | Identified the +1 robe of Gecly {^Contam +Blink rF++ rC+}
  5068 | D:5      | Reached skill level 5 in Fighting
  5098 | D:5      | Found a burning altar of Makhleb.
  5139 | D:5      | Reached skill level 9 in Earth Magic
  5149 | D:5      | Reached XP level 9. HP: 39/54 MP: 10/16
  5160 | D:5      | Learned a level 4 spell: Brom's Barrelling Boulder
  5340 | D:6      | Noticed Duvessa
  5348 | D:6      | Noticed Dowan
  5434 | D:6      | Reached skill level 5 in Spellcasting
  5489 | D:6      | Reached skill level 1 in Alchemy
  5584 | D:6      | Noticed Maggie
  5599 | Abyss:1  | Cast into level 1 of the Abyss (Maggie)
  5720 | D:6      | Escaped the Abyss
  5980 | D:6      | Killed Maggie
  5981 | D:6      | Reached skill level 10 in Earth Magic
  6085 | D:6      | Killed Duvessa
  6091 | D:6      | Killed Dowan
  6135 | D:6      | Found a sparkling altar of Nemelex Xobeh.
  6171 | D:7      | Noticed Jeremiah
  6171 | D:7      | Noticed Pikel
  6337 | D:7      | Reached * piety under Vehumet
  6337 | D:7      | Offered knowledge of Kiss of Death by Vehumet.
  6338 | D:7      | Reached XP level 10. HP: 29/60 MP: 7/18
  6470 | D:7      | Noticed a manticore
  6671 | D:7      | Killed Jeremiah
  6678 | D:7      | Noticed a cyclops
  6698 | D:7      | Killed a cyclops
  6855 | D:7      | Reached skill level 5 in Armour
  6855 | D:7      | Reached skill level 11 in Earth Magic
  7001 | D:7      | Killed a manticore
  7079 | D:7      | Killed Pikel
  7368 | D:7      | Found a basalt altar of Yredelemnul.
  7485 | D:7      | Found a white marble altar of Elyvilon.
  7583 | D:7      | Learned a level 3 spell: Mephitic Cloud
  7588 | D:7      | Learned a level 4 spell: Petrify
  7920 | D:7      | Killed an unseen horror
  7921 | D:7      | Reached XP level 11. HP: 32/67 MP: 11/20
  8082 | D:8      | Reached ** piety under Vehumet
  8082 | D:8      | Offered knowledge of Scorch by Vehumet.
  8249 | D:8      | Noticed a two-headed ogre
  8256 | D:8      | Reached skill level 12 in Earth Magic
  8285 | D:8      | Killed a two-headed ogre
  8606 | D:8      | Found a staircase to the Lair.
  8620 | D:8      | Offered knowledge of Inner Flame by Vehumet.
  8623 | D:8      | Reached skill level 5 in Dodging
  8813 | D:8      | Found a sacrificial altar of Ru.
  8829 | D:8      | Found a blossoming altar of Fedhas.
  8971 | D:8      | Found a glowing golden altar of the Shining One.
  9228 | D:9      | Found an ornate altar of the Wu Jian Council.
  9535 | D:9      | Reached *** piety under Vehumet
  9536 | D:9      | Reached skill level 1 in Shields
  9565 | D:9      | Noticed a necromancer
  9569 | D:9      | Reached skill level 1 in Fire Magic
  9581 | D:9      | Killed a necromancer
  9622 | D:9      | Offered knowledge of Frozen Ramparts by Vehumet.
  9896 | D:9      | Found a shimmering blue altar of Sif Muna.
 10340 | D:9      | Found an ancient bone altar of Kikubaaqudgha.
 10530 | D:10     | Entered Level 10 of the Dungeon
 10577 | D:10     | Reached **** piety under Vehumet
 10794 | D:10     | Found a staircase to the Orcish Mines.
 10798 | D:10     | Found a broken altar of Ashenzari.
 10999 | D:10     | Found a shimmering altar of Xom.
 11005 | D:10     | Found a hazy altar of Hepliaklqana.
 11166 | D:10     | Offered knowledge of Lee's Rapid Deconstruction by Vehumet.
 11175 | D:10     | Learned a level 5 spell: Lee's Rapid Deconstruction
 11594 | D:11     | Noticed Amaemon
 11604 | D:11     | Killed Amaemon
 11605 | D:11     | Reached skill level 13 in Earth Magic
 11605 | D:11     | Reached XP level 12. HP: 72/75 MP: 9/23
 11981 | D:11     | Noticed a two-headed ogre
 11997 | D:11     | Killed a two-headed ogre
 12636 | D:12     | Noticed a two-headed ogre
 12866 | D:11     | Killed a two-headed ogre
 12867 | D:11     | Reached skill level 1 in Maces & Flails
 12867 | D:11     | Reached skill level 5 in Conjurations
 12917 | D:12     | Found Lyl Ocen's Book Shop.
 12922 | D:12     | Found Kuakopey's Assorted Antiques.
 12932 | D:12     | Bought a scroll of identify for 42 gold pieces
 12932 | D:12     | Bought a scroll labelled PAUGEA HERA for 21 gold pieces
 13687 | D:12     | Found Yme Neg's Antique Armour Boutique.
 13700 | D:12     | Bought a blackened buckler for 342 gold pieces
 13700 | D:12     | Identified the +1 buckler of the Fife {Rampage Int+4} (You
                  | bought it in a shop on level 12 of the Dungeon)
 13942 | D:12     | Learned a level 2 spell: Blink
 14330 | Lair:1   | Entered Level 1 of the Lair of Beasts
 14581 | Lair:1   | Reached skill level 5 in Shields
 14581 | Lair:1   | Reached skill level 1 in Translocations
 14708 | Lair:1   | Reached XP level 13. HP: 80/80 MP: 23/25
 15589 | Lair:1   | You fall into a shaft and drop 1 floor!
 15637 | Lair:2   | Reached skill level 5 in Fire Magic
 15858 | Lair:2   | Found a gate leading to a gauntlet.
 15869 | Gauntlet | Entered a Gauntlet
 15869 | Gauntlet | Found a transporter.
 15869 | Gauntlet | Found a transporter.
 15869 | Gauntlet | Found a transporter.
 15873 | Gauntlet | Found a transporter.
 15873 | Gauntlet | Found a transporter.
 15883 | Gauntlet | Found a transporter.
 15949 | Gauntlet | Found a transporter.
 15959 | Gauntlet | Found a transporter.
 15959 | Gauntlet | Found the +6 Majin-Bo {spellvamp, MP+6 Int+6}
 15974 | Gauntlet | Found a transporter.
 15984 | Gauntlet | Found a transporter.
 15984 | Gauntlet | Found the brooch of Shielding {Spirit SH+8}
 15999 | Gauntlet | Found a transporter.
 16005 | Gauntlet | Found a transporter.
 16089 | Gauntlet | Reached skill level 10 in Fighting
 16294 | Gauntlet | Reached ***** piety under Vehumet
 16719 | Gauntlet | Noticed a minotaur
 16749 | Gauntlet | Killed a minotaur
 16947 | Lair:2   | Offered knowledge of Starburst by Vehumet.
 17616 | Lair:2   | Found a staircase to the Swamp.
 18299 | Lair:3   | Learned a level 6 spell: Starburst
 18558 | Lair:3   | Found a hole to the Spider Nest.
 18713 | Lair:3   | Gained mutation: Your large and strong wings let you fly.
                  | [Gargoyle growth]
 18713 | Lair:3   | Reached XP level 14. HP: 77/88 MP: 24/27
 19041 | Lair:4   | Reached skill level 10 in Spellcasting
 19043 | Lair:4   | Offered knowledge of Bombard by Vehumet.
 19322 | Lair:4   | Learned a level 6 spell: Bombard
 19924 | Lair:5   | Entered Level 5 of the Lair of Beasts
 19931 | Lair:5   | Reached skill level 10 in Conjurations
 20050 | Lair:5   | Found a staircase to the Slime Pits.
 20050 | Lair:5   | Found a viscous altar of Jiyva.
 20356 | Lair:5   | Reached skill level 10 in Fire Magic
 20579 | Lair:5   | Noticed Urug
 20584 | Lair:5   | Killed Urug
 21658 | D:10     | Reached skill level 1 in Summonings
 21658 | D:10     | Reached XP level 15. HP: 81/92 MP: 25/29
 21690 | Orc:1    | Entered Level 1 of the Orcish Mines
 21693 | Orc:1    | Noticed Nergalle
 21760 | Orc:1    | Killed Nergalle
 21822 | Orc:1    | You are sucked into a shaft and drop 1 floor!
 21822 | Orc:2    | Entered Level 2 of the Orcish Mines
 21896 | Orc:2    | Found a staircase to the Elven Halls.
 21957 | Orc:1    | Noticed Josephine
 21957 | Orc:1    | Found Omumaheo's Jewellery Shoppe.
 21964 | Orc:1    | Killed Josephine
 22137 | Orc:1    | Found Micvi's Weapon Shoppe.
 22145 | Orc:1    | Noticed Sonja
 22147 | Orc:1    | Killed Sonja
 22167 | Orc:1    | Reached skill level 5 in Stealth
 22199 | Orc:1    | Found Belirphept's Antique Weapon Shoppe.
 22672 | Orc:2    | Found Yhaaf's Jewellery Boutique.
 22893 | Orc:2    | Slain by an orc knight

Illustrated notes

Levels and vault maps discovered:
D:1:      grunt_arrival_lava_bath, layout_basic
D:2:      layout_basic, basic_altar, serial_park_tiny_pond
D:3:      layout_loops_cross, mainiacjoe_overflow_alcove_4, hex_large,
          nicolae_shop_vocational, uniq_sigmund
D:4:      layout_loops_corners, enter_ossuary_1, supply_closet_lemuel,
          uniq_eustachio, uniq_menkaure, uniq_crazy_yiuf_cottage
D:5:      layout_basic, nicolae_qazlal_general_emergency, demons_altar,
          minmay_temple_entry_proselytizer, minivault_27,
          small_statue_intersection, minivault_4,
          minmay_a_box_with_orc_wizards_in_it
D:6:      layout_rooms, nemelex_xobeh_ov_fountains_minmay, uniq_maggie,
          uniq_duvessa
D:7:      nzn_winding_woodlands_cross [nzn_winding_woodlands_5x15_twine,
          nzn_winding_woodlands_5x15_pockets,
          nzn_winding_woodlands_5x15_river_crossing,
          nzn_winding_woodlands_5x15_sidewinder,
          nzn_winding_woodlands_15x15_five_gardens], layout_rooms,
          lemuel_tele_altar, lemuel_coloured_pillars_altar, serial_glass,
          glass_columns_b, glass_columns_b, glass_columns_a, glass_columns_a,
          uniq_jeremiah, uniq_pikel
D:8:      layout_rooms, mainiacjoe_overflow_alcove_1, mainiacjoe_overflow_swirl,
          erik_lair_orcish_takeover, serial_bayou, serial_bayou_ford_a,
          serial_bayou_lake_a, serial_bayou_shore_b
D:9:      layout_long_grid, kennysheep_vampire_church,
          kennysheep_orc_sif_temple, pdpol_wu_jian_five_deadly_venoms,
          eino_house_with_fridge
D:10:     layout_irregular_city, regret_index_temple_of_mockery,
          mainiacjoe_overflow_boulevard, orc_0_dummy
D:11:     layout_stronghold, uniq_amaemon
D:12:     layout_cross, serial_shops, nicolae_shop_hallway_plus, shop,
          nicolae_shop_stone
Temple:   nicolae_temple_great_sept
Lair:1:   layout_layer_cave, pdpol_lair_neglected_garden
Lair:2:   layout_chaotic_city, swamp_mist, portal_ice_cave_entry_pillars_2,
          gauntlet_entry_generic, minivault_19, serial_bayou_shore_b,
          lemuel_fruit_fields, grunt_megastairs_5, lemuel_fruit_fields,
          infiniplex_staircase_pool_2, serial_bayou_shore_b
Lair:3:   layout_cave_pods, nicolae_spider_entry_orb_guardian,
          grunt_megastairs_3, serial_bayou_shore_a
Lair:4:   layout_regular_city, dreamdust_gnoll_shepherd
Lair:5:   wormcave, layout_cave_shapes, hangedman_lair_tendril_chambers,
          slime_entry_1, serial_bayou_pond_e, uniq_urug
Orc:1:    layout_caves, serial_shops, shop, shop,
          nicolae_shop_just_a_little_nook, uniq_erolcha, uniq_sonja,
          uniq_josephine, uniq_nergalle
Orc:2:    st_orc_pillars, layout_diamond_mine, serial_shops, shop

Skill      XL: |  1  2  3  4  5  6  7  8  9 10 11 12 13 14 15 |
---------------+----------------------------------------------+-----
Earth Magic    | 4 5 6 7 9 10 11 13 | 13.5
Fighting       | 1 2 3 4 5 6 7 8 9 10 | 10.0
Conjurations   | 2 3 4 6 8 10 | 10.0
Spellcasting   | 3 4 5 6 7 8 9 10 | 10.0
Armour         | 2 4 5 6 |  6.0
Dodging        | 2 3 4 5 6 |  6.0
Alchemy        | 2 3 4 |  4.0
Shields        | 2 5 6 |  6.0
Fire Magic     | 2 4 7 12 | 12.0
Maces & Flails | 1 |  1.1
Translocations | 1 4 |  4.0
Summonings     | 1 3 |  3.9
Stealth        | 5 |  5.8

Action                     |  1- 3 |  4- 6 |  7- 9 | 10-12 | 13-15 || total
---------------------------+-------+-------+-------+-------+-------++-------
  Melee: Unarmed           |    12 |       |       |       |       ||    12
         Club              |     5 |     6 |       |       |       ||    11
         Hand axe          |       |     6 |    57 |    98 |       ||   161
         Demon whip        |       |       |       |    45 |    19 ||    64
         Bo                |       |       |       |       |    89 ||    89
   Cast: Sandblast         |    45 |    63 |   137 |   272 |   232 ||   749
         Stone Arrow       |       |       |    17 |    22 |    48 ||    87
         Brom's Barrelling |       |       |     7 |    39 |     7 ||    53
         Mephitic Cloud    |       |       |       |    67 |    60 ||   127
         Lee's Rapid Decon |       |       |       |    21 |    26 ||    47
         Petrify           |       |       |       |     1 |       ||     1
         Starburst         |       |       |       |       |    57 ||    57
         Bombard           |       |       |       |       |    60 ||    60
    Use: Scroll            |       |    12 |     1 |     9 |     9 ||    31
         Potion            |       |       |       |     2 |     3 ||     5
   Stab: Sleeping          |       |     1 |       |       |       ||     1
         Confused          |       |       |       |    24 |     7 ||    31
 Armour: Robe              |    15 |    28 |   145 |   295 |   272 ||   755
  Dodge: Dodged            |    23 |    20 |    82 |   212 |   236 ||   573
  Block: Buckler           |       |       |       |    18 |   125 ||   143

Table legend: (Time is in decaauts)
 A = Elapsed time spent in this place.
 B = Non-inter-level travel time spent in this place.
 C = Inter-level travel time spent in this place.
 D = Time resting spent in this place.
 E = Time spent auto-exploring this place.
 F = Levels seen in this place.
 G = Mean time per level.
                   A        B        C        D        E       F      G
               +--------+--------+--------+--------+--------+-----+--------+
         Total |  23480 |  22456 |   1024 |   2957 |  14574 |  23 | 1020.9 |
       Dungeon |  14488 |  13743 |    745 |   1647 |   9179 |  12 | 1207.3 |
        Temple |     41 |      3 |     38 |      0 |      0 |   1 |   41.0 |
          Lair |   6262 |   6051 |    211 |    264 |   4490 |   5 | 1252.4 |
  Orcish Mines |   1185 |   1156 |     29 |    248 |    594 |   2 |  592.5 |
         Abyss |    121 |    121 |      0 |     88 |      0 |   1 |  121.0 |
       Ossuary |    320 |    320 |      0 |     88 |    126 |   1 |  320.0 |
      Gauntlet |   1060 |   1060 |      0 |    621 |    185 |   1 | 1060.0 |
               +--------+--------+--------+--------+--------+-----+--------+

Top non-repeatable levels by time:
    D:11: 1950 daAuts
     D:7: 1707 daAuts
     D:9: 1520 daAuts
  Lair:5: 1508 daAuts
  Lair:1: 1473 daAuts
     D:8: 1400 daAuts
     D:4: 1281 daAuts
  Lair:3: 1177 daAuts
  Lair:2: 1173 daAuts
     D:2: 1080 daAuts
     D:5: 1074 daAuts
Gauntlet: 1060 daAuts
    D:10: 1011 daAuts
    D:12: 962 daAuts
     D:3: 959 daAuts
